Map: Eternal Empire LE

Players

Coek - Winner!

  • Race: Terran Terran
  • League: Diamond
  • Spawn Location: 7:00

Unicorn

  • Race: Protoss Protoss
  • League: Platinum
  • Spawn Location: 1:00

VOD

Have the link to the VOD?

Description

Time

  • Played on: March 3, 2020, 7:41 p.m.
  • Length: 12:17
Show
View Real Time Build Order
Export as new Build Order

Coek Terran - Winner!

Build Orders: 2 Factory, Mech 

Get SALT Encoding   

  12  0:01  SCV  
  13  0:13  SCV  
  14  0:18  Supply Depot  
  14  0:25  SCV  
  15  0:31  Refinery  
  15  0:39  SCV  
  16  0:46  Barracks  
  16  0:51  SCV  
  17  1:03  SCV  
  18  1:16  SCV  
  19  1:28  SCV  
  20  1:33  Reaper  
  21  1:40  Orbital Command  
  21  1:54  Command Center  
  21  2:08  Factory  
  21  2:09  SCV  
  22  2:21  SCV  
  22  2:22  Barracks Tech Lab  
  23  2:28  Refinery  
  23  2:42  Supply Depot  
  23  2:46  Factory  
  23  2:55  Factory Reactor  
  23  3:04  SCV  
  24  3:16  SCV  
  24  3:19  Orbital Command  
  25  3:28  SCV  
  25  3:29  Siege Tank  
  25  3:32  Hellion x2  
  25  3:33  Engineering Bay  
  33  3:40  SCV  
  34  3:47  SCV  
  35  3:52  SCV, Starport  
  36  3:58  Hellion x2  
  36  3:59  SCV  
  41  4:03  Barracks Reactor  
  41  4:04  SCV  
  42  4:11  SCV  
  42  4:14  Refinery  
  42  4:16  SCV  
  44  4:23  SCV  
  45  4:28  SCV  
  46  4:33  Starport Reactor  
  46  4:35  SCV  
  46  4:41  Supply Depot  
  46  4:42  SCV, Hellion x2, Siege Tank  
  54  4:48  Supply Depot  
  54  4:51  Missile Turret  
  54  4:53  Missile Turret  
  54  5:03  SCV x2  
  54  5:05  Hellion  
  54  5:06  Hellion  
  60  5:15  SCV x2, Refinery  
  60  5:16  Siege Tank  
  60  5:20  Infernal Pre-Igniter  
  65  5:27  SCV x2  
  67  5:29  Armory  
  67  5:35  Supply Depot  
  67  5:38  Hellion  
  67  5:39  SCV  
  70  5:56  SCV x2, Siege Tank  
  75  5:57  Supply Depot  
  75  5:59  Supply Depot, Liberator  
  78  6:18  SCV x2  
  78  6:19  Hellion x2  
  78  6:20  Supply Depot  
  78  6:21  Supply Depot  
  84  6:28  Command Center  
  84  6:31  SCV  
  85  6:34  Siege Tank  
  88  6:40  Hellion x2  
  88  6:42  SCV  
  88  6:43  SCV  
  88  6:46  Supply Depot  
  94  6:48  Supply Depot  
  94  6:51  Terran Vehicle Weapons Level 1  
  94  6:57  SCV x2  
  96  7:05  Hellion x2  
  96  7:07  Liberator  
  103  7:18  SCV x2  
  105  7:24  Supply Depot  
  105  7:30  SCV x2  
  107  7:38  Hellion x2  
  107  7:40  Factory x3  
  107  7:44  Orbital Command  
  111  7:56  SCV x2  
  113  8:00  Thor  
  116  8:09  Orbital Command  
  104  8:25  Missile Turret, Factory Tech Lab  
  104  8:26  Missile Turret, Factory Tech Lab  
  104  8:28  Factory Tech Lab  
  104  8:29  Command Center  
  104  8:38  SCV x2  
  96  8:44  Thor  
  96  8:46  Hellion x2, Thor  
  109  8:54  SCV x3  
  114  9:11  SCV x3  
  114  9:12  Missile Turret  
  117  9:21  Hellion x2  
  121  9:24  Thor  
  127  9:32  Armory  
  127  9:33  Missile Turret  
  124  9:55  SCV x3  
  127  10:00  Thor x2  
  127  10:02  Hellion x2  
  143  10:09  Refinery x2  
  143  10:15  Command Center  
  143  10:22  Orbital Command  
  143  10:29  Thor  
  143  10:30  Hellion x2  
  143  10:35  Supply Depot  
  153  10:37  Supply Depot  
  153  10:40  Supply Depot  
  153  10:55  Hellion x2, Thor  
  165  10:57  Hellion  
  165  11:01  Orbital Command  
  165  11:11  SCV x3  
  165  11:12  Hellion  
  170  11:26  Thor  
  170  11:28  Hellion x2  
  170  11:29  Command Center  
  180  11:33  Thor  
Show
View Real Time Build Order
Export as new Build Order

Unicorn Protoss 

Build Orders: 1 Gate Expand 

Get SALT Encoding   

  12  0:01  Probe  
  13  0:13  Probe  
  14  0:18  Pylon  
  14  0:25  Probe (Chrono Boost)  
  15  0:37  Probe (Chrono Boost)  
  15  0:38  Gateway  
  16  0:45  Probe (Chrono Boost)  
  17  0:50  Assimilator  
  17  0:51  Probe  
  18  1:03  Probe  
  19  1:15  Probe  
  20  1:29  Nexus  
  20  1:36  Cybernetics Core  
  20  1:42  Pylon  
  20  1:57  Assimilator  
  20  1:58  Probe  
  21  2:11  Probe  
  21  2:12  Stalker (Chrono Boost), Pylon  
  24  2:17  Warp Gate  
  24  2:23  Probe  
  25  2:35  Probe (Chrono Boost)  
  26  2:41  Stalker  
  26  2:42  Probe (Chrono Boost)  
  29  2:47  Probe (Chrono Boost)  
  31  2:51  Gateway  
  31  2:52  Probe (Chrono Boost)  
  31  2:54  Probe (Chrono Boost)  
  31  2:57  Probe (Chrono Boost)  
  32  2:59  Pylon  
  33  3:11  Probe  
  34  3:15  Stargate  
  34  3:17  Assimilator  
  34  3:20  Probe  
  34  3:25  Probe  
  36  3:30  Gateway  
  36  3:32  Probe  
  37  3:34  Assimilator  
  37  3:37  Probe  
  37  3:41  Sentry, Pylon  
  40  3:50  Shield Battery  
  40  3:56  Probe  
  40  4:00  Forge  
  40  4:01  Oracle (Chrono Boost)  
  41  4:03  Pylon  
  41  4:09  Sentry  
  46  4:13  Probe x2  
  48  4:25  Probe  
  48  4:26  Probe  
  48  4:28  Oracle (Chrono Boost)  
  53  4:37  Probe  
  54  4:39  Gateway  
  54  4:40  Photon Cannon  
  54  4:41  Shield Battery  
  54  4:43  Probe  
  55  4:50  Probe  
  56  4:58  Phoenix  
  58  5:00  Protoss Air Weapons Level 1 (Chrono Boost)  
  58  5:01  Probe  
  58  5:02  Probe  
  58  5:05  Stalker  
  58  5:06  Stalker  
  61  5:35  Phoenix  
  63  5:40  Stargate  
  63  5:47  Photon Cannon  
  63  5:49  Shield Battery  
  63  5:52  Shield Battery  
  63  5:54  Probe x2  
  63  5:56  Gateway  
  65  5:57  Stalker x3, Sentry  
  65  6:00  Phoenix  
  75  6:21  Nexus  
  75  6:25  Phoenix  
  77  6:26  Pylon  
  77  6:36  Pylon  
  77  6:43  Pylon  
  77  6:44  Phoenix  
  77  6:46  Protoss Shields Level 1 (Chrono Boost), Pylon  
  79  6:49  Phoenix  
  81  7:00  Pylon  
  81  7:01  Protoss Air Armor Level 1 (Chrono Boost), Gateway  
  81  7:09  Phoenix  
  81  7:12  Probe x2  
  85  7:20  Gateway  
  85  7:21  Gateway  
  85  7:23  Gateway  
  85  7:24  Probe x2  
  87  7:32  Phoenix  
  87  7:34  Phoenix  
  87  8:00  Phoenix x2  
  88  8:25  Phoenix x2  
  91  8:27  Stalker  
  91  8:28  Stalker x2  
  91  8:35  Stalker x5  
  96  8:44  Probe  
  96  8:45  Probe x2  
  97  8:50  Phoenix  
  99  8:56  Probe  
  99  8:57  Probe x2  
  102  9:09  Probe x3  
  105  9:10  Assimilator  
  105  9:13  Assimilator  
  105  9:17  Photon Cannon x2  
  105  9:22  Pylon  
  103  9:47  Fleet Beacon  
  103  9:49  Stargate  
  95  10:06  Probe x3  
  94  10:18  Probe x3  
  94  10:20  Twilight Council  
  97  10:25  Robotics Facility  
  97  10:27  Robotics Facility  
  97  10:30  Probe  
  97  10:32  Tempest x2  
  116  10:45  Probe x2  
  118  10:58  Probe x2 (Chrono Boost)  
  118  11:01  Pylon  
  120  11:10  Probe x2 (Chrono Boost)  
  122  11:17  Probe x2 (Chrono Boost)  
  124  11:24  Probe  
  122  11:25  Observer  
  122  11:26  Tempest (Chrono Boost), Nexus  
  122  11:28  Assimilator  
  127  11:32  Assimilator  
  127  11:40  Tempest x2 (Chrono Boost)  
  137  11:47  Pylon  
  137  11:50  Pylon  
Tags
 
Add a new tag
Caveats
  • Supply blocks, unpowered buildings, or Contaminate may cause inaccurate times.
  • Supply counts are checked every 10 seconds.